 Dungeon Crawl Stone Soup version 0.15.1-3-g1b33baa (webtiles) character file.

49 Chiseanne the Grave Robber (level 3, -15/24 HPs)
             Began as a Mummy Necromancer on Oct 11, 2014.
             Killed from afar by a fire dragon (39 damage)
             ... with a blast of flame
             ... on Level 1 of the Dungeon.
             The game lasted 00:07:55 (6507 turns).

Chiseanne the Grave Robber (Mummy Necromancer)      Turns: 6507, Time: 00:07:55

HP -15/24        AC  2     Str 11      XL: 3   Next: 53%
MP   6/6         EV 12     Int 15      God:
Gold 20          SH  0     Dex 12      Spells:  3 memorised,  2 levels left

rFire  x . .     SeeInvis .     c - +0 club
rCold  + . .     Clarity  .     d - +0 robe (curse)
rNeg   + + +     rCorr    .     (no shield)
rPois  +         rRot     +     (no helmet)
rElec  .         Spirit   .     (no cloak)
SustAb .         Warding  .     (no gloves)
rMut   .         Stasis   .     (no boots)
Gourm  .                        (no amulet)
MR     .....                    (no ring)
                                (no ring)

@: not resistant to hostile enchantments, unstealthy
A: no food or potions, fire vulnerability, restore body, cold resistance 1,
negative energy resistance 3, poison resistance, torment resistance, unbreathing
a: no special abilities


You were on level 1 of the Dungeon.
You were not hungry.

You visited 1 branch of the dungeon, and saw 2 of its levels.

You collected 20 gold pieces.

Inventory:

Hand weapons
 c - a +0 club (weapon)
Armour
 d - a cursed +0 robe (worn)
Books
 b - a book of Necromancy

   Spells                             Type                      Level
   *Pain                              Necromancy                   1
   *Animate Skeleton                  Necromancy                   1
   *Vampiric Draining                 Necromancy                   3
   Regeneration                       Charms/Necromancy            3
   Animate Dead                       Necromancy                   4
   Control Undead                     Necromancy                   4


   Skills:
 - Level 1.5 Dodging
 - Level 1.5 Stealth
 * Level 2.6 Spellcasting
 * Level 4.9 Necromancy


You had 2 spell levels left.
You knew the following spells:

 Your Spells              Type           Power        Failure   Level  Hunger
a - Pain                  Necr           ###.         2%          1    N/A
b - Animate Skeleton      Necr           N/A          2%          1    N/A
c - Vampiric Draining     Necr           ###.......   10%         3    N/A

Dungeon Overview and Level Annotations

Branches:
Dungeon (2/15)

Altars:


Innate Abilities, Weirdness & Mutations

You do not eat or drink.
Your flesh is vulnerable to fire.
Your flesh is cold resistant.
You are immune to negative energy.
Your system is resistant to poisons.
You are immune to unholy pain and torment.
You can survive without breathing.


Message History

A fire dragon is nearby!
A fire dragon is nearby!
A fire dragon is nearby!
A fire dragon is nearby!
A fire dragon is nearby!
A fire dragon is nearby!
A fire dragon is nearby!
A fire dragon is nearby!
A fire dragon is nearby!
A fire dragon is nearby!
A fire dragon is nearby!
A fire dragon is nearby!
The fire dragon breathes flames at you.
The blast of flame hits your kobold skeleton.
Your kobold skeleton is destroyed!
The blast of flame hits your kobold skeleton.
Your kobold skeleton is destroyed!
The blast of flame hits you! The fire burns you terribly!
Ouch! That really hurt!
You die...

#.###### ##.#####%######..#
#......## ##.#..............##
#####...######.###.###.#######..#
ZZ....#.......## ##.##.# ##.#
#####...######)###.###.# #.# #
##.## ##D#.## #.# #.# # #.# ##)##
#.# #.# # #.# #)#####.# #.# # #.#
#@Z)..#.## #.# # #.# #####(#..##
#.# ######.# #.#.#.######.#
Z......# #..###.......# ########
###.#.######## ##.## #.# #.# #.#


You could see a fire dragon and a friendly kobold skeleton.

Vanquished Creatures
  A giant gecko (D:1)
  3 giant cockroaches (D:1)
  3 goblins (D:1)
  6 hobgoblins (D:1)
  4 jackals
  2 ball pythons (D:1)
  3 bats
  3 giant newts (D:1)
  8 kobolds (D:1)
  7 rats (D:1)
40 creatures vanquished.

Vanquished Creatures (collateral kills)
  An ooze (D:1)
  A bat (D:1)
  A kobold (D:1)
  A giant newt (D:1)
  A rat (D:1)
5 creatures vanquished.

Vanquished Creatures (others)
  A bat skeleton (D:1)
  2 ball python skeletons (D:1)
  A giant newt skeleton (D:1)
  2 hobgoblin skeletons (D:1)
  2 jackal skeletons (D:1)
  5 kobold skeletons (D:1)
  4 rat skeletons (D:1)
17 creatures vanquished.

Grand Total: 62 creatures vanquished

Notes
Turn   | Place    | Note
--------------------------------------------------------------
     0 | D:1      | Chiseanne, the Mummy Necromancer, began the quest for the Orb.
     0 | D:1      | Reached XP level 1. HP: 13/13 MP: 3/3
    89 | D:1      | Learned a level 1 spell: Animate Skeleton
   245 | D:1      | Reached XP level 2. HP: 19/19 MP: 2/4
  1099 | D:1      | Reached XP level 3. HP: 24/24 MP: 1/6
  1108 | D:1      | Learned a level 3 spell: Vampiric Draining
  6507 | D:1      | Noticed a fire dragon
  6507 | D:1      | Killed from afar by a fire dragon

Action                   || total
-------------------------++-------
Melee: Club              ||     3
 Cast: Pain              ||    77
       Animate Skeleton  ||    18
  Use: Scroll            ||     2
